 Dungeon Crawl Stone Soup version 0.29.1-15-g9cfb28693d (webtiles) character file.

Game seed: 7740347326241218727

7671 LustLizard the Arsonist (level 11, -3/92 HPs)
             Began as a Hill Orc Fire Elementalist on Mar 27, 2023.
             Was a Believer of Beogh.
             Slain by a boulder beetle (10 damage)
             ... on level 13 of the Dungeon.
             The game lasted 00:32:03 (15981 turns).

LustLizard the Arsonist (HOFE)                     Turns: 15981, Time: 00:32:03

Health: -3/92      AC:  9    Str: 14    XL:     11   Next: 18%
Magic:  4/18       EV: 11    Int: 17    God:    Beogh [**....]
Gold:   419        SH:  0    Dex: 11    Spells: 7/20 levels left

rFire   . . .      SeeInvis +   G - +2 war axe (vorpal)
rCold   . . .      Faith    .   (no shield)
rNeg    + . .      Spirit   .   h - +0 leather armour
rPois   .          Reflect  .   C - +2 helmet {SInv}
rElec   .          Harm     .   (no cloak)
rCorr   .          Rampage  .   g - +1 pair of gloves
Will    .....                   L - +0 pair of boots
Stlth   +.........              (no amulet)
HPRegen 0.25/turn               t - ring of flight
MPRegen 0.16/turn               M - ring of positive energy

@: flying
A: no striking features
a: Renounce Religion, Smiting


You were on level 13 of the Dungeon.
You worshipped Beogh.
Beogh was pleased with you.
You visited 2 branches of the dungeon, and saw 14 of its levels.

You collected 677 gold pieces.
You spent 258 gold pieces at shops.

Inventory:

Hand Weapons
 G - a +2 vorpal war axe (weapon)
 I - a +2 broad axe of freezing
Missiles
 c - 17 poisoned darts
 j - 2 throwing nets
Armour
 g - a +1 pair of gloves (worn)
 h - a +0 leather armour (worn)
 C - a +2 helmet of see invisible (worn)
 L - a +0 pair of boots (worn)
 P - the +4 scale mail of Death's Door {rPois rCorr}
   (You found it on level 11 of the Dungeon)

   rPois:     It protects you from poison.
   rCorr:     It protects you from acid and corrosion.
Jewellery
 s - an amulet of guardian spirit
 t - a ring of flight (left hand)
 M - a ring of positive energy (right hand)
 O - a ring of positive energy
Wands
 p - a wand of iceblast (7)
 v - a wand of mindburst (1)
 x - a wand of polymorph (14)
 F - a wand of paralysis (7)
 N - a wand of flame (10)
Scrolls
 a - 2 scrolls of amnesia {unknown}
 d - a scroll of summoning
 e - 2 scrolls of fog
 k - 2 scrolls of immolation {unknown}
 n - 2 scrolls of teleportation
 u - a scroll of vulnerability {unknown}
 y - a scroll of torment {unknown}
 A - a scroll of poison {unknown}
 B - 2 scrolls of enchant armour {unknown}
 D - 2 scrolls of silence {unknown}
 H - a scroll of noise {unknown}
 J - 2 scrolls of enchant weapon {unknown}
Potions
 b - a potion of magic
 i - 4 potions of curing
 l - a potion of ambrosia
 m - a potion of brilliance {unknown}
 o - a potion of heal wounds
 q - a potion of lignification {unknown}
 r - 2 potions of mutation
 w - 2 potions of berserk rage
 z - a potion of might {unknown}
 E - a potion of cancellation {unknown}
 K - a potion of invisibility {unknown}
 Q - a potion of haste {unknown}


   Skills:
 + Level 7.4 Fighting
 + Level 5.4 Axes
 + Level 1.2 Armour
 - Level 1.5 Dodging
 - Level 1.5 Stealth
 + Level 5.0 Spellcasting
 + Level 8.6 Conjurations
 + Level 3.7 Hexes
 + Level 9.2 Fire Magic
 * Level 6.2 Earth Magic


You had 7 spell levels left.
You knew the following spells:

 Your Spells              Type           Power      Damage    Failure   Level
a - Foxfire               Conj/Fire      100%       2x1d9     1%          1
b - Scorch                Fire           70%        2d9       1%          2
c - Inner Flame           Hex/Fire       26%        N/A       3%          3
d - Stone Arrow           Conj/Erth      58%        3d10      2%          3
e - Flame Wave            Conj/Fire      34%        2d10      4%          4

Your spell library contained the following spells:

 Spells                   Type           Power      Damage    Failure   Level
 Magic Dart               Conj           100%       1d8       1%          1
 Sandblast                Erth           50%        2d12      1%          1
 Conjure Flame            Conj/Fire      34%        6-21      1%          3
 Static Discharge         Conj/Air       18%        3-6/arc   4%          2
 Passwall                 Tmut/Erth      11%        N/A       8%          2
 Mephitic Cloud           Conj/Pois/Air  14%        N/A       16%         3
 Apportation              Tloc           8%         N/A       17%         1
 Call Imp                 Summ           4%         N/A       26%         2
 Gell's Gravitas          Tloc           4%         N/A       45%         3
 Lesser Beckoning         Tloc           4%         N/A       45%         3
 Teleport Other           Tloc           4%         N/A       45%         3
 Lightning Bolt           Conj/Air       9%         1d21      63%         5
 Alistair's Intoxication  Tmut/Pois      2%         N/A       99%         5
 Maxwell's Capacitive Co  Air            2%         ∞         100%        8


Dungeon Overview and Level Annotations

Branches:
Dungeon (13/15)            Temple (1/1) D:4            Lair (0/5) D:9
    Orc: D:9-12      Vaults: D:13-14

Altars:
Ashenzari
Cheibriados
Dithmenos
Elyvilon
Fedhas
Gozag
Hepliaklqana
Kikubaaqudgha
Makhleb
Nemelex Xobeh
Okawaru
Qazlal
Ru
Sif Muna
Trog
Uskayaw
Vehumet
Wu Jian
Xom
Yredelemnul
Zin
The Shining One

Shops:
D:3 [   D:5 *   D:8 **

Annotations:
D:10 1 runed translucent door, roguespy's ghost, novice MfGl


Message History

Casting: Stone Arrow (mildly dangerous; 2% risk of failure)
Confirm with . or Enter, or press ? or * to list all spells.
Aiming: Stone Arrow (mildly dangerous; 2% risk of failure)
Press: ? - help, Shift-Dir - straight line, f/p - cyclops
Aim: a cyclops, quivering large rocks (severely wounded, 98% to hit)
The stone arrow hits the cyclops!
The cyclops is almost dead.
The centaur shoots an arrow.
The arrow hits you!
The centaur shoots an arrow.
The arrow hits you. The cyclops closely misses you.
A centaur comes into view.
The centaur shoots an arrow.
The arrow hits you but does no damage.
Unknown command.
A centaur comes into view.
The centaur shoots an arrow.
The arrow hits you.
There is a stone staircase leading down here.
Casting: Stone Arrow (mildly dangerous; 2% risk of failure)
Confirm with . or Enter, or press ? or * to list all spells.
Aiming: Stone Arrow (mildly dangerous; 2% risk of failure)
Press: ? - help, Shift-Dir - straight line, f/p - cyclops
Aim: a cyclops, quivering large rocks (almost dead, 98% to hit)
The stone arrow hits the cyclops!!
You kill the cyclops!
Beogh accepts your kill.
The centaur wields a +0 shortbow.
The centaur shoots an arrow.
The arrow hits you.
The centaur wields a +0 shortbow.
The centaur shoots an arrow.
The arrow barely misses you.
Your Armour skill increases to level 1!
Your Spellcasting skill increases to level 5!
The centaur shoots an arrow.
The arrow closely misses you.
The centaur shoots an arrow.
The arrow hits you.
The centaur shoots an arrow.
The arrow misses you.
The centaur shoots an arrow.
The arrow hits you.
* * * LOW HITPOINT WARNING * * *
The centaur shoots an arrow.
The arrow barely misses you.
You fly downwards.
The boulder beetle closely misses you. The boulder beetle bites you!
* * * LOW HITPOINT WARNING * * *
There is a stone staircase leading up here.
As you read the scroll of summoning, it crumbles to dust.
Wisps of shadow whirl around you... The boulder beetle bites you!
You die...

#.########
......DB@#
#..#####y##
..[...yyh#
########.#
#.# #.# #.#
#.# #.#


You could see a boulder beetle (ally target), a friendly hog (summoned), a
friendly acid dragon (summoned) and 3 friendly vampire mosquitoes.

Vanquished Creatures
  A cyclops (D:12)
  An ugly thing (D:11)
  2 hornets
  2 shadows
  13 yaks
  A wraith (D:11)
  3 steam dragons
  Menkaure (D:5)
  An acid dragon (D:10)
  2 sky beasts (D:8)
  An ice beast (D:7)
  3 orc warriors
  5 black bears
  4 ogres
  6 centaurs
  A necrophage (D:4)
  A bullfrog (D:7)
  2 scorpions (D:6)
  12 wights
  3 howler monkeys (D:8)
  6 hounds
  A jelly (D:6)
  2 orc priests
  4 iguanas
  9 orc wizards
  10 gnolls
  9 adders
  2 white imps (D:6)
  An ufetubus (D:5)
  3 worms
  3 dart slugs
  31 orcs
  6 ball pythons
  8 endoplasms
  6 giant cockroaches
  6 goblins
  5 hobgoblins
  8 jackals
  A quokka (D:1)
  8 bats
  4 frilled lizards
  8 kobolds
  4 rats
210 creatures vanquished.

Vanquished Creatures (collateral kills)
  5 foxfires
5 creatures vanquished.

Vanquished Creatures (others)
  An orc priest (D:6)
  An orc (D:6)
  675 foxfires
  9 fungi
  16 plants
702 creatures vanquished.

Grand Total: 917 creatures vanquished

Notes
Turn   | Place    | Note
-------+----------+-------------------------------------------
     0 | D:1      | LustLizard the Hill Orc Fire Elementalist began the quest
                  | for the Orb.
     0 | D:1      | Reached XP level 1. HP: 14/14 MP: 3/3
   279 | D:1      | Reached XP level 2. HP: 19/22 MP: 1/4
   851 | D:1      | Reached skill level 1 in Fighting
   939 | D:1      | Reached XP level 3. HP: 28/28 MP: 1/5
   952 | D:1      | Learned a level 2 spell: Scorch
  1295 | D:1      | Found a faded altar of an unknown god.
  1457 | D:2      | Reached skill level 4 in Fire Magic
  1612 | D:2      | Reached XP level 4. HP: 35/35 MP: 3/6
  2708 | D:3      | Reached XP level 5. HP: 28/41 MP: 3/8
  3305 | D:3      | Found Ottadog's Armour Emporium.
  4324 | D:4      | Reached XP level 6. HP: 49/49 MP: 3/9
  4410 | D:4      | Found a staircase to the Ecumenical Temple.
  4419 | Temple   | Entered the Ecumenical Temple
  4549 | D:4      | Reached skill level 5 in Fire Magic
  4688 | D:4      | Found a hazy altar of Hepliaklqana.
  4995 | D:4      | Found an ancient bone altar of Kikubaaqudgha.
  5679 | D:4      | Found a shadowy altar of Dithmenos.
  5679 | D:4      | Found a glowing silver altar of Zin.
  5937 | D:5      | Entered Level 5 of the Dungeon
  5937 | D:5      | Noticed Menkaure
  5968 | D:5      | Found a stormy altar of Qazlal.
  5968 | D:5      | Found a blossoming altar of Fedhas.
  5983 | D:5      | Reached XP level 7. HP: 45/57 MP: 0/10
  6350 | D:5      | Killed Menkaure
  6351 | D:5      | Reached skill level 6 in Fire Magic
  6499 | D:5      | Reached skill level 5 in Conjurations
  6550 | D:5      | Learned a level 3 spell: Inner Flame
  6568 | D:5      | Found Xoprunih's General Store.
  6576 | D:5      | Bought a +2 helmet of see invisible for 258 gold pieces
  6714 | D:5      | Reached XP level 8. HP: 66/66 MP: 5/12
  7146 | D:5      | Found a shimmering blue altar of Sif Muna.
  7146 | D:5      | Found a burning altar of Makhleb.
  7153 | D:5      | Reached skill level 1 in Hexes
  7532 | D:6      | Became a worshipper of Beogh the Brigand
  7718 | D:6      | Reached skill level 7 in Fire Magic
  7901 | D:6      | Noticed a hornet
  8318 | D:6      | Paralysed by a hornet for 1 turns
  8325 | D:6      | Killed a hornet
  8492 | D:6      | Reached skill level 5 in Fighting
  8492 | D:6      | Reached XP level 9. HP: 58/74 MP: 2/14
  8496 | D:6      | Learned a level 3 spell: Stone Arrow
  8765 | D:6      | Reached skill level 1 in Earth Magic
  9313 | D:7      | Reached * piety under Beogh
  9919 | D:7      | Reached skill level 8 in Fire Magic
 10097 | D:8      | Found Wifus's General Store.
 10121 | D:8      | Reached skill level 1 in Axes
 10878 | D:8      | Reached XP level 10. HP: 83/83 MP: 10/16
 11268 | D:8      | Found a glowing golden altar of the Shining One.
 12034 | D:8      | Found Homomuirr's Specific Store.
 12316 | D:9      | Found a staircase to the Lair.
 12352 | D:9      | Found a shimmering altar of Xom.
 12356 | D:9      | Found a shimmering altar of Xom.
 12356 | D:9      | Found a shimmering altar of Xom.
 12408 | D:9      | Found a shimmering altar of Xom.
 12427 | D:9      | Reached ** piety under Beogh
 12550 | D:9      | Found a shimmering altar of Xom.
 12987 | D:9      | Found a sparkling altar of Nemelex Xobeh.
 13138 | D:9      | Reached skill level 5 in Earth Magic
 13401 | D:9      | Found a bloodstained altar of Trog.
 13407 | D:9      | Found an opulent altar of Gozag.
 13507 | D:10     | Entered Level 10 of the Dungeon
 13719 | D:10     | Noticed a two-headed ogre
 14131 | D:10     | Found a runed translucent door.
 14131 | D:10     | Noticed roguespy's ghost (novice MfGl)
 14510 | D:10     | Reached skill level 9 in Fire Magic
 14656 | D:10     | Found a basalt altar of Yredelemnul.
 14742 | D:10     | Reached skill level 5 in Axes
 14742 | D:10     | Reached XP level 11. HP: 81/92 MP: 10/18
 15387 | D:11     | Identified the +4 scale mail of Death's Door {rPois rCorr}
 15395 | D:11     | Learned a level 4 spell: Flame Wave
 15395 | D:11     | Noticed a red ugly thing
 15435 | D:11     | Killed a red ugly thing
 15652 | D:11     | Noticed a two-headed ogre
 15776 | D:11     | You are sucked into a shaft and drop 2 floors!
 15798 | D:13     | Noticed a boulder beetle
 15967 | D:12     | Noticed a cyclops
 15978 | D:12     | Killed a cyclops
 15979 | D:12     | Reached skill level 1 in Armour
 15979 | D:12     | Reached skill level 5 in Spellcasting
 15981 | D:13     | Slain by a boulder beetle

Illustrated notes

Levels and vault maps discovered:
D:1:      mrwooster_arrival_statue_2, layout_loops_ring,
          shapermc_ecumenical_altar_mp_urbaneastern,
          nicolae_kite_square_tiling_tiny, hangedman_decor_opposing
D:2:      layout_loops_ring, serial_forest, infiniplex_forest_clump_medium,
          infiniplex_forest_straight_4, infiniplex_forest_straight_2,
          infiniplex_forest_lined_1, infiniplex_forest_corner_2,
          infiniplex_forest_straight_4, nicolae_titane
D:3:      layout_basic, serial_shops, shop, small_statue_intersection,
          minivault_19
D:4:      layout_layer_cave, nicolae_kikubaaqudgha_miasma_corner,
          gammafunk_temple_overflow_forgotten,
          minmay_temple_entry_statues_pillars, nrook_mini_backslash,
          grunt_decor_resistance
D:5:      layout_loops_ring, grunt_temple_overflow_forces_of_nature,
          gammafunk_temple_overflow_statue, serial_shops, nicolae_stop_n_shop_1,
          kennysheep_another_room, uniq_menkaure
D:6:      layout_basic, st_stairs_1, dreamdust_gnoll_farm
D:7:      layout_basic
D:8:      layout_basic, tso_oasis_becter, nicolae_specific_store
D:9:      layout_rooms, mainiacjoe_overflow_alcove_4, xom_redecorated,
          trog_ov_bears_minmay, nemelex_xobeh_ov_fountains_minmay,
          roderic_lattice_a
D:10:     layout_loops_ring, lemuel_doored_altar, gammafunk_ghost_grave
D:11:     layout_loops_corners, orc_0_dummy
D:12:     layout_rooms, kennysheep_small_circle
D:13:     layout_basic, david_vaults_2, st_stairs_13, minmay_diamond_spiral,
          uniq_rupert
Temple:   nicolae_temple_two_arcs

Skill      XL: |  1  2  3  4  5  6  7  8  9 10 11 |
---------------+----------------------------------+-----
Fighting       | 1 2 3 4 5 6 7 |  7.4
Conjurations   | 2 3 4 5 6 7 8 |  8.6
Fire Magic     | 4 5 6 7 8 9 |  9.2
Spellcasting   | 2 3 4 5 |  5.0
Hexes          | 2 3 |  3.7
Earth Magic    | 3 5 6 |  6.2
Axes           | 2 5 |  5.4
Armour         | 1 |  1.2
Dodging        | |  1.5
Stealth        | |  1.5

Action                   |  1- 3 |  4- 6 |  7- 9 | 10-12 || total
-------------------------+-------+-------+-------+-------++-------
Melee: Whip              |    25 |    53 |     4 |       ||    82
       Punch             |     1 |       |       |       ||     1
       War axe           |       |       |    21 |    49 ||    70
 Cast: Foxfire           |    68 |   109 |   199 |    35 ||   411
       Scorch            |     1 |    11 |    30 |     1 ||    43
       Stone Arrow       |       |       |     7 |    83 ||    90
Invok: Convert to Beogh  |       |       |     1 |       ||     1
Evoke: Wand              |       |       |     3 |     4 ||     7
  Use: Scroll            |       |     1 |     7 |     5 ||    13
       Potion            |       |       |     2 |     1 ||     3
Armor: Robe              |     4 |       |       |       ||     4
       Leather armour    |     2 |    28 |    25 |    34 ||    89
Dodge: Dodged            |    22 |    48 |    38 |    54 ||   162
